 Dungeon Crawl Stone Soup version 0.28-a0-1213-g0243856f03 (webtiles) character file.

Game seed: 15755393987746837420

46 flotson the Ducker (level 3, 0/28 HPs)
             Began as a Demonspawn Gladiator on Dec 22, 2021.
             Succumbed to an adder's poison
             ... on level 2 of the Dungeon.
             The game lasted 00:02:26 (1566 turns).

flotson the Ducker (Demonspawn Gladiator)           Turns: 1566, Time: 00:02:27

Health: 0/28       AC:  7    Str: 16    XL:     3   Next: 44%
Magic:  3/3        EV: 10    Int:  9    God:
Gold:   16         SH:  0    Dex: 14    Spells: 2/2 levels left

rFire   . . .      SeeInvis .   h - +1 dagger (venom)
rCold   . . .      Faith    .   (no shield)
rNeg    . . .      Spirit   .   i - +0 scale mail
rPois   .          Reflect  .   c - +0 helmet
rElec   .          Harm     .   (no cloak)
rCorr   .          Rampage  .   (no gloves)
Will    .....                   (no boots)
Stlth   ..........              (no amulet)
HPRegen 0.09/turn               (no ring)
MPRegen 0.08/turn               (no ring)

@: lethally poisoned (0 -> -10), hasted, very quick
A: hooves 1, foul stench 1
a: no special abilities


You were on level 2 of the Dungeon.
You visited 1 branch of the dungeon, and saw 2 of its levels.

You collected 79 gold pieces.
You spent 63 gold pieces at shops.

Inventory:

Hand Weapons
 a - a +0 war axe
 h - a +1 dagger of venom (weapon)
Missiles
 d - 3 throwing nets (quivered)
Armour
 c - a +0 helmet (worn)
 i - a +0 scale mail (worn)
Scrolls
 e - a scroll of enchant armour {unknown}
 g - 3 scrolls of immolation {unknown}
 j - a scroll of enchant weapon {unknown}
 k - a scroll of teleportation {unknown}
 m - 2 scrolls of fear {unknown}
 n - a scroll of magic mapping {unknown}
Potions
 f - a potion of magic {unknown}
 l - a potion of brilliance {unknown}


   Skills:
 + Level 2.5 Fighting
 - Level 2.6 Axes
 + Level 2.3 Throwing
 + Level 1.2 Armour
 + Level 3.1 Dodging


You had 2 spell levels left.
You didn't know any spells.
Your spell library contained the following spells:

 Spells                   Type           Power      Damage    Failure   Level
 Portal Projectile        Hex/Tloc       0%         N/A       99%         3
 Blade Hands              Tmut           0%         N/A       100%        5
 Excruciating Wounds      Necr           0%         N/A       100%        5


Dungeon Overview and Level Annotations

Branches:
Dungeon (2/15)

Altars:

Shops:
D:2 **


Innate Abilities, Weirdness & Mutations

You have large cloven feet.
You may rarely emit foul miasma when damaged in melee.


Message History

You hit the adder.
The adder is lightly wounded.
The adder bites you.
You are poisoned.
The adder poisons you!
You barely miss the adder. Your kick misses the adder.
The adder is lightly wounded.
You feel sick. The adder misses you. The adder bites you but does no damage.
You hit the adder.
The adder is heavily wounded.
You feel sick. The adder bites you.
You closely miss the adder.
The adder is heavily wounded.
You feel sick. The adder barely misses you.
You barely miss the adder. Your kick misses the adder.
The adder is heavily wounded.
You feel sick. The adder closely misses you.
Your scale mail prevents you from hitting the adder.
Your kick misses the adder.
The adder is heavily wounded.
You feel sick.
You are no longer poisoned.
The adder bites you.
You are poisoned.
The adder poisons you! The adder bites you.
You closely miss the adder.
The adder is heavily wounded.
You feel sick. The adder bites you.
* * * LOW HITPOINT WARNING * * *
You are lethally poisoned!
The adder poisons you!
Unknown command.
You hit the adder.
The adder is poisoned.
Your kick misses the adder.
The adder is severely wounded.
* * * LOW HITPOINT WARNING * * *
You feel very sick. The adder bites you.
* * * LOW HITPOINT WARNING * * *
It was a potion of haste.
You feel yourself speed up.
You die...

###.>.###.#......###..
##....>.######...#.#
#....### #...#.#
##.#...# ##.....
########..###..#
#.#.#. #.......(.# ..#
#.#.#. ..#######.# .#
#..... #.# # ##....
#@# #.... #S#
#..#####.#.. ...
.......∩.... ##.##
##.......#.. #.#
......#####. ...
............ ...
.######.###. #.#
<..... ###...


You could see an adder (very poisoned).

Vanquished Creatures
  An adder (D:2)
  A dart slug (D:1)
  2 endoplasms
  3 giant cockroaches
  5 goblins
  4 hobgoblins
  2 quokkas (D:1)
  7 ball pythons
  A bat (D:2)
  3 frilled lizards
  2 kobolds
31 creatures vanquished.

Notes
Turn   | Place    | Note
-------+----------+-------------------------------------------
     0 | D:1      | flotson the Demonspawn Gladiator began the quest for the
                  | Orb.
     0 | D:1      | Reached XP level 1. HP: 16/16 MP: 1/1
   438 | D:1      | Gained mutation: You have large cloven feet. [demonic
                  | ancestry]
   438 | D:1      | Reached XP level 2. HP: 22/22 MP: 2/2
   583 | D:1      | Found a faded altar of an unknown god.
   998 | D:1      | Reached skill level 3 in Dodging
  1102 | D:2      | Reached skill level 1 in Armour
  1208 | D:2      | Found Cahaus's Assorted Antiques.
  1223 | D:2      | Gained mutation: You may rarely emit foul miasma when
                  | damaged in melee. [demonic ancestry]
  1223 | D:2      | Reached XP level 3. HP: 22/28 MP: 3/3
  1458 | D:2      | Found Epeher's Assorted Antiques.
  1466 | D:2      | Bought a fizzy sapphire potion for 19 gold pieces
  1466 | D:2      | Bought 2 scrolls labelled ARIMUN XUHOMM for 44 gold pieces
  1566 | D:2      | Succumbed to an adder's poison

Illustrated notes

Levels and vault maps discovered:
D:1:      matt_arrival_los_fun, layout_loops_corners,
          dreamdust_ecumenical_altar_statues
D:2:      layout_rooms, serial_shops, shop, shop, hex_tiny

Skill      XL: |  1  2 |
---------------+-------+-----
Throwing       | 2 |  2.3
Dodging        | 3 |  3.1
Armour         | 1 |  1.2
Fighting       | |  2.5
Axes           | |  2.6

Action                   || total
-------------------------++-------
Melee: War axe           ||    17
       Dagger            ||    71
       Kick              ||    15
  Use: Potion            ||     1
Armor: Leather armour    ||     2
       Scale mail        ||    19
Dodge: Dodged            ||    53

Table legend: (Time is in decaauts)
 A = Elapsed time spent in this place.
 B = Non-inter-level travel time spent in this place.
 C = Inter-level travel time spent in this place.
 D = Time resting spent in this place.
 E = Time spent auto-exploring this place.
 F = Levels seen in this place.
 G = Mean time per level.
                   A        B        C        D        E       F      G
               +--------+--------+--------+--------+--------+-----+--------+
         Total |   1571 |   1526 |     45 |      0 |   1317 |   2 |  785.5 |
       Dungeon |   1571 |   1526 |     45 |      0 |   1317 |   2 |  785.5 |
               +--------+--------+--------+--------+--------+-----+--------+

Top non-repeatable levels by time:
     D:1: 1094 daAuts
     D:2: 476 daAuts
